 Dungeon Crawl Stone Soup version 0.20.1-1-g8b1a95d (webtiles) character file.

457 Knicklaso the Ruffian (level 6, -4/59 HPs)
             Began as a Troll Monk on July 19, 2017.
             Killed from afar by an orc wizard (9 damage)
             ... with a puff of flame
             ... on level 5 of the Dungeon.
             The game lasted 00:05:43 (2689 turns).

Knicklaso the Ruffian (Troll Monk)                  Turns: 2689, Time: 00:05:45

Health: -4/59      AC:  5    Str: 20    XL:     6   Next: 77%
Magic:  5/5        EV: 10    Int:  6    God:
Gold:   193        SH:  0    Dex: 14    Spells: 5/5 levels left

rFire    . . .     SeeInvis .     - Unarmed
rCold    . . .     Gourm    +   (no shield)
rNeg     . . .     Faith    .   a - +0 robe
rPois    .         Spirit   .   (helmet restricted)
rElec    .         Reflect  .   (no cloak)
rCorr    .         Harm     .   (gloves unavailable)
MR       .....                  (boots unavailable)
Stlth    ++........             (no amulet)
Regen    0.6/turn               (no ring)
MPRegen  0.1/turn               (no ring)

@: no status effects
A: unfitting armour, claws 3, fast metabolism 3, gourmand, regeneration 1,
shaggy fur 1, tough skin 2
a: no special abilities


You were on level 5 of the Dungeon.
You were very full.

You visited 1 branch of the dungeon, and saw 5 of its levels.

You collected 193 gold pieces.

Inventory:

Armour
 a - a +0 robe (worn)
Jewellery
 q - a +2 ring of protection {unknown}
 t - an uncursed amulet of harm {unknown}
Scrolls
 d - 2 scrolls of blinking {unknown}
 f - 3 scrolls of identify {unknown}
 h - a scroll of enchant armour {unknown}
 j - 4 scrolls of remove curse {unknown}
 m - a scroll of teleportation {unknown}
 n - a scroll of amnesia {unknown}
Potions
 c - 2 potions of invisibility {unknown}
 e - 2 potions of curing {unknown}
 g - 3 potions of heal wounds {unknown}
 o - 2 potions of mutation {unknown}
 p - a potion of magic {unknown}
 r - 2 potions of lignification {unknown}
 s - a potion of cancellation {unknown}
Books
 k - a book of Necromancy

   Spells                             Type                      Level
   a - Pain                           Necromancy                   1
   b - Animate Skeleton               Necromancy                   1
   c - Vampiric Draining              Necromancy                   3
   d - Regeneration                   Charms/Necromancy            3
   e - Animate Dead                   Necromancy                   4
   f - Control Undead                 Necromancy                   4
Comestibles
 b - 3 bread rations
 i - 2 meat rations
 l - 6 fruits


   Skills:
 - Level 2.4 Fighting
 - Level 2.4 Dodging
 - Level 1.0 Stealth
 + Level 7.7 Unarmed Combat


You had 5 spell levels left.
You didn't know any spells.

Dungeon Overview and Level Annotations

Branches:
Dungeon (5/15)
 Temple: D:4-7

Altars:
Dithmenos
Elyvilon
Gozag
Vehumet


Innate Abilities, Weirdness & Mutations

You are too large for most types of armour.
You have claws for hands.
Your metabolism is lightning-fast.
You like to eat raw meat.
Your natural rate of healing is unusually fast.
You are covered in fur. (AC +1)
You have very tough skin. (AC +2)


Message History

The orc priest hits you with a falchion.
The orc closely misses you.
You scratch the orc priest.
The orc priest is severely wounded.
You claw the orc priest!
You kill the orc priest!
The orc closely misses you. The orc hits you with a morningstar!
* * * LOW HITPOINT WARNING * * *
You closely miss the orc wizard. The orc misses you.
The orc wizard hits you but does no damage.
The orc hits you with a morningstar!
* * * LOW HITPOINT WARNING * * *
The orc barely misses you.
You scratch the orc wizard.
The orc wizard is moderately wounded.
The orc hits you with a dagger.
* * * LOW HITPOINT WARNING * * *
The orc wizard casts a spell at you. The puff of flame hits you!
You die...

..####.#########.
########'####
#...........#
##...........#
.............#
#....(......#
#...........#
#...........#
#....o@.....#
#....ooo....#
#$..........#
#...........#
#...........#
......#+#.####
#####. .# #. .#


You could see an orc wizard and 3 orcs.

Vanquished Creatures
  A bullfrog (D:4)
  A scorpion (D:4)
  2 hounds (D:4)
  2 orc priests
  2 orc wizards
  Robin (D:2)
  5 adders
  An ooze (D:3)
  2 worms
  3 dart slugs
  3 leopard geckos
  7 orcs
  A ball python (D:2)
  5 giant cockroaches
  14 goblins
  16 hobgoblins
  2 jackals (D:2)
  3 kobolds (D:1)
  2 quokkas (D:2)
  6 bats
  3 frilled lizards
  A quokka skeleton (D:4)
  5 rats
88 creatures vanquished.

Vanquished Creatures (others)
  A leopard gecko (D:4)
1 creature vanquished.

Grand Total: 89 creatures vanquished

Notes
Turn   | Place    | Note
-------+----------+-------------------------------------------
     0 | D:1      | Knicklaso the Troll Monk began the quest for the Orb.
     0 | D:1      | Reached XP level 1. HP: 22/22 MP: 0/0
   141 | D:1      | Reached XP level 2. HP: 29/29 MP: 1/1
   925 | D:2      | Reached skill level 4 in Unarmed Combat
  1033 | D:2      | Noticed Robin
  1037 | D:2      | Reached XP level 3. HP: 34/36 MP: 2/2
  1058 | D:2      | Killed Robin
  1172 | D:2      | Reached skill level 5 in Unarmed Combat
  1172 | D:2      | Reached XP level 4. HP: 42/44 MP: 3/3
  1518 | D:3      | Found an opulent altar of Gozag.
  1662 | D:3      | Reached XP level 5. HP: 43/50 MP: 4/4
  1669 | D:3      | Reached skill level 6 in Unarmed Combat
  1836 | D:3      | Found a white marble altar of Elyvilon.
  2199 | D:4      | Reached XP level 6. HP: 42/59 MP: 5/5
  2295 | D:4      | Reached skill level 7 in Unarmed Combat
  2381 | D:4      | Found a shadowy altar of Dithmenos.
  2600 | D:4      | Found a radiant altar of Vehumet.
  2667 | D:5      | Entered Level 5 of the Dungeon
  2689 | D:5      | Killed from afar by an orc wizard

Skill      XL: |  1  2  3  4  5  6 |
---------------+-------------------+-----
Unarmed Combat | 4 5 6 7 |  7.7
Fighting       | |  2.4
Dodging        | |  2.4
Stealth        | |  1.0

Action                   |  1- 3 |  4- 6 || total
-------------------------+-------+-------++-------
Melee: Unarmed           |    97 |   124 ||   221
       Punch             |       |     2 ||     2
 Stab: Sleeping          |     3 |     5 ||     8
  Eat: Chunk             |    11 |    13 ||    24
       Meat ration       |     1 |       ||     1
Armor: Robe              |    17 |    22 ||    39
Dodge: Dodged            |    45 |    50 ||    95
